[Event "POL-chT 2nd League-3 2020"]
[Site "Poronin"]
[Date "2020.09.08"]
[Round "4.1"]
[White "Fus, Jakub"]
[Black "Gumula, Daniel"]
[Result "1-0"]
[ECO "A50"]
[WhiteElo "2410"]
[BlackElo "2177"]
[Annotator "RC"]
[PlyCount "161"]
[EventDate "2020.09.05"]
[EventType "team-tourn"]
[EventCountry "POL"]
[SourceTitle "playchess.com"]
[Source "ChessBase"]
[SourceQuality "1"]
[TimeControl "40/5400+30:900+30"]

1. d4 Nf6 2. c4 Nc6 3. Nf3 d6 4. g3 Bg4 5. Bg2 g6 6. O-O Qc8 7. Nc3 Bg7 8. d5 Nb8 9. Re1 O-O 10. e4 c6 11. Be3 Bh3 12. Rc1 Bxg2 13. Kxg2 Nbd7 14. h3 a6 15. Qd2 Re8 16. Bh6 Bh8 17. Ng5 cxd5 18. cxd5 Qc4 19. f4 Nc5 20. Re3 Nfd7 21. Nf3 Rad8 22. Ne2 Qxa2 23. Ned4 Rc8 24. Rec3 Nb6 25. Qe2 Nca4 26. R3c2 Rxc2 27. Qxc2 Nc5 28. f5 Nbd7 29. Qe2 Ne5 30. Rc2 Nxf3 31. Nxf3 Qa4 32. e5 Qe4 33. Qxe4 Nxe4 34. fxg6 hxg6 35. Rc7 dxe5 36. Rxb7 Nd6 37. Rb6 e4 38. Nd2 Rc8 39. Bf4 Rc2 40. Kf1 f5 41. Rxa6 Rxb2 42. Ra8+ Kf7 43. Rxh8 Kf6 44. h4 Nf7 45. Rb8 Rxb8 46. Bxb8 g5 47. hxg5+ Kxg5 48. Nb3 Kg4 49. Kf2 Nd6 50. Nd4 f4 51. gxf4 Kxf4 52. Nc6 e3+ 53. Ke2 Ke4 54. Nxe7 Nf5 55. Nxf5 Kxd5 56. Kxe3 Kc5 57. Ke4 Kc4 58. Be5 Kc5 59. Ne3 Kc6 60. Kd4 Kb5 61. Bd6 Kc6 62. Nc4 Kb5 63. Kd5 Ka6 64. Kc6 Ka7 65. Nb6 Ka6 66. Bb8 Ka5 67. Nd5 Ka6 68. Nb4+ Ka5 69. Kc5 Ka4 70. Kc4 Ka5 71. Bc7+ Ka4 72. Bb6 Ka3 73. Nd3 Ka4 74. Nb2+ Ka3 75. Kc3 Ka2 76. Kc2 Ka3 77. Bc5+ Ka2 78. Nd3 Ka1 79. Bf8 Ka2 80. Nc1+ Ka1 81. Bg7# 1-0

[Event "POL-chT 2nd League-3 2020"]
[Site "Poronin"]
[Date "2020.09.08"]
[Round "4.2"]
[White "Lapaj, Mateusz"]
[Black "Baum, Jonasz"]
[Result "0-1"]
[ECO "B90"]
[WhiteElo "2235"]
[BlackElo "2299"]
[Annotator "ChessBase"]
[PlyCount "58"]
[EventDate "2020.09.05"]
[EventType "team-tourn"]
[EventCountry "POL"]
[SourceTitle "playchess.com"]
[Source "ChessBase"]
[SourceQuality "1"]
[TimeControl "40/5400+30:900+30"]

1. e4 c5 2. Nf3 d6 3. d4 cxd4 4. Nxd4 Nf6 5. Nc3 a6 6. f3 b5 7. Be3 Bb7 8. Qd2 Nbd7 9. O-O-O Rc8 10. g4 Ne5 11. Be2 Nc4 12. Bxc4 Rxc4 13. g5 Nd7 14. h4 Ne5 15. b3 Rc8 16. Nd5 e6 17. Nb4 Qa5 18. Kb1 d5 19. Nd3 Qxd2 20. Rxd2 Nxf3 21. Nxf3 dxe4 22. Nde5 exf3 23. Rd7 Be4 24. Rh2 Bc5 25. Bxc5 Rxc5 26. Rhd2 O-O 27. Ng4 Rd5 28. R2xd5 exd5 29. Ne3 f6 0-1

[Event "POL-chT 2nd League-3 2020"]
[Site "Poronin"]
[Date "2020.09.08"]
[Round "4.3"]
[White "Malicka, Maria"]
[Black "Garbowski, Jakub"]
[Result "1-0"]
[ECO "B81"]
[WhiteElo "2256"]
[BlackElo "2139"]
[Annotator "ChessBase"]
[PlyCount "102"]
[EventDate "2020.09.05"]
[EventType "team-tourn"]
[EventCountry "POL"]
[SourceTitle "playchess.com"]
[Source "ChessBase"]
[SourceQuality "1"]
[TimeControl "40/5400+30:900+30"]

1. e4 c5 2. Nf3 e6 3. d4 cxd4 4. Nxd4 Nf6 5. Nc3 d6 6. g4 e5 7. Nf5 h5 8. Bg5 Nc6 9. Bxf6 Qxf6 10. Nd5 Qd8 11. gxh5 Be6 12. c3 Qd7 13. Qf3 O-O-O 14. O-O-O g6 15. Nf6 Qc7 16. Ne3 Nd4 17. Qg3 Bxa2 18. Nfd5 Bxd5 19. Nxd5 Qc6 20. hxg6 fxg6 21. Kb1 Nb3 22. Qxg6 Kb8 23. Ne3 Bh6 24. Bc4 Bxe3 25. Bxb3 Bxf2 26. Rd2 Qb6 27. Bd5 Rdf8 28. Qg7 Qc7 29. Qg2 Be3 30. Re2 Bf4 31. Qg4 Rh6 32. h4 Qh7 33. Rg2 Rh8 34. Qg7 Qxg7 35. Rxg7 R8h7 36. Rxh7 Rxh7 37. h5 Kc8 38. Kc2 Kd8 39. Kd3 Ke8 40. Be6 Ke7 41. Bf5 Rh8 42. Kc4 d5+ 43. exd5 Kd6 44. Be4 a6 45. Bf3 Rf8 46. h6 b5+ 47. Kd3 Bg5 48. Rh3 Rf4 49. h7 Bf6 50. Rh6 Rxf3+ 51. Ke2 Kxd5 1-0

[Event "POL-chT 2nd League-3 2020"]
[Site "Poronin"]
[Date "2020.09.08"]
[Round "4.4"]
[White "Stachanczyk, Jacek"]
[Black "Jarzebowski, Kacper"]
[Result "0-1"]
[ECO "C63"]
[WhiteElo "2156"]
[BlackElo "2061"]
[Annotator "ChessBase"]
[PlyCount "40"]
[EventDate "2020.09.05"]
[EventType "team-tourn"]
[EventCountry "POL"]
[SourceTitle "playchess.com"]
[Source "ChessBase"]
[SourceQuality "1"]
[TimeControl "40/5400+30:900+30"]

1. e4 e5 2. Nf3 Nc6 3. Bb5 f5 4. Nc3 fxe4 5. Nxe4 Nf6 6. Nxf6+ Qxf6 7. Qe2 Be7 8. Bxc6 dxc6 9. Nxe5 O-O 10. d4 Bd6 11. O-O c5 12. c3 cxd4 13. cxd4 Be6 14. f4 Rae8 15. Be3 Bd5 16. a3 Qf5 17. Rae1 c6 18. Rf2 Bc7 19. b4 b5 20. Qg4 Rxe5 0-1

[Event "POL-chT 2nd League-3 2020"]
[Site "Poronin"]
[Date "2020.09.08"]
[Round "4.5"]
[White "Dalkowski, Rafal"]
[Black "Rosicki, Marcin"]
[Result "1/2-1/2"]
[ECO "D52"]
[WhiteElo "1859"]
[BlackElo "2039"]
[Annotator "NA"]
[PlyCount "51"]
[EventDate "2020.09.05"]
[EventType "team-tourn"]
[EventCountry "POL"]
[SourceTitle "playchess.com"]
[Source "ChessBase"]
[SourceQuality "1"]
[TimeControl "40/5400+30:900+30"]

1. d4 d5 2. c4 c6 3. Nc3 Nf6 4. Nf3 e6 5. Bg5 Nbd7 6. e3 Be7 7. Bd3 O-O 8. O-O dxc4 9. Bxc4 b5 10. Bd3 Bb7 11. Qe2 a6 12. Rfd1 Qc7 13. e4 b4 $16 (13... h6 $14 14. Bxf6 Nxf6) 14. Na4 e5 15. dxe5 Nxe5 16. Nxe5 Qxe5 17. Bh4 Rfe8 18. Nb6 Rad8 19. Bg3 Qh5 20. Qxh5 Nxh5 21. Bc7 Rd4 22. Be5 Rdd8 23. Bc7 Rd4 24. Be5 Rdd8 25. Bc7 Rd4 26. Be5 1/2-1/2

[Event "POL-chT 2nd League-3 2020"]
[Site "Poronin"]
[Date "2020.09.08"]
[Round "4.6"]
[White "Pluta, Natalia"]
[Black "Tarka, Aleksandra"]
[Result "1/2-1/2"]
[ECO "A10"]
[WhiteElo "1844"]
[BlackElo "1586"]
[Annotator "NA"]
[PlyCount "176"]
[EventDate "2020.09.05"]
[EventType "team-tourn"]
[EventCountry "POL"]
[SourceTitle "playchess.com"]
[Source "ChessBase"]
[SourceQuality "1"]
[TimeControl "40/5400+30:900+30"]

1. c4 f5 2. g3 Nf6 3. Bg2 g6 4. Nc3 Bg7 5. e3 d6 6. d4 O-O 7. Nge2 e6 8. b4 Qe7 9. O-O c6 10. Qb3 e5 11. dxe5 dxe5 12. b5 Re8 13. Ba3 Qf7 14. Rac1 Be6 15. Na4 e4 16. Nd4 cxb5 17. Nxb5 Bf8 18. Bxf8 Rxf8 19. Nd6 Qc7 20. Nxb7 Nbd7 21. Rc2 Rab8 22. Rb1 Ne8 23. Rd2 Rf7 24. Bf1 Ne5 25. Rdb2 Bc8 26. Nac5 Qc6 27. Qb5 Qxb5 28. Rxb5 Bxb7 29. Rxb7 Rbxb7 30. Rxb7 Rxb7 31. Nxb7 Nf3+ 32. Kg2 Ne1+ 33. Kg1 Nf3+ 34. Kh1 Kf7 35. Nd8+ Kf6 36. Nc6 Nd2 37. Be2 a6 38. Kg2 Nc7 39. Nd4 Ke5 40. Nb3 Nb1 41. Kf1 Nc3 42. a3 Na4 43. Ke1 Ne6 44. Kd2 Kd6 45. Kc2 Ke5 46. Na5 Nec5 47. Nc6+ Kd6 48. Nd4 a5 49. g4 fxg4 50. Bxg4 Nb6 51. Be2 Ncd7 52. Kc3 Nc5 53. Bd1 Nd3 54. f3 Nc5 55. Bc2 exf3 56. Nxf3 Ne6 57. Nd4 Nc5 58. Nf3 Ne6 59. h4 Nd7 60. h5 gxh5 61. Bxh7 Ndc5 62. Bg6 Na4+ 63. Kb3 Nac5+ 64. Kc2 Ng7 65. e4 h4 66. Nxh4 Ke5 67. Nf3+ Kf4 68. Nd2 Nge6 69. Kc3 Na4+ 70. Kd3 Nac5+ 71. Kc2 Nd4+ 72. Kb2 Ke5 73. Kc3 Ne2+ 74. Kb2 Nd4 75. Bh7 Kf4 76. Bf5 Ke5 77. Nb1 Nxe4 78. Bxe4 Kxe4 79. Kc3 Ne2+ 80. Kb3 Kd4 81. Nd2 Nc3 82. Nf3+ Kd3 83. c5 Nd5 84. c6 Ke4 85. Nd2+ Kd4 86. Nc4 a4+ 87. Kxa4 Kxc4 88. Ka5 Kc5 1/2-1/2

[Event "POL-chT 2nd League-3 2020"]
[Site "Poronin"]
[Date "2020.09.08"]
[Round "4.9"]
[White "Bajerlein, Dawid"]
[Black "Kowalak, Piotr"]
[Result "1/2-1/2"]
[ECO "E32"]
[WhiteElo "2037"]
[BlackElo "2105"]
[Annotator "ChessBase"]
[PlyCount "20"]
[EventDate "2020.09.05"]
[EventType "team-tourn"]
[EventCountry "POL"]
[SourceTitle "playchess.com"]
[Source "ChessBase"]
[SourceQuality "1"]
[TimeControl "40/5400+30:900+30"]

1. d4 Nf6 2. c4 e6 3. Nc3 Bb4 4. Qc2 O-O 5. Bg5 c5 6. dxc5 Na6 7. a3 Bxc3+ 8. Qxc3 Nxc5 9. Bxf6 Qxf6 10. Qxf6 gxf6 1/2-1/2

[Event "POL-chT 2nd League-3 2020"]
[Site "Poronin"]
[Date "2020.09.08"]
[Round "4.10"]
[White "Madera, Mateusz"]
[Black "Hemmerling, Jaroslaw"]
[Result "1-0"]
[ECO "C00"]
[WhiteElo "1945"]
[BlackElo "1938"]
[Annotator "ChessBase"]
[PlyCount "97"]
[EventDate "2020.09.05"]
[EventType "team-tourn"]
[EventCountry "POL"]
[SourceTitle "playchess.com"]
[Source "ChessBase"]
[SourceQuality "1"]
[TimeControl "40/5400+30:900+30"]

1. e4 e6 2. d4 d5 3. Bd3 dxe4 4. Bxe4 Nf6 5. Bf3 c5 6. Ne2 Nc6 7. Be3 e5 8. Bxc6+ bxc6 9. dxe5 Qxd1+ 10. Kxd1 Ng4 11. Nbc3 Nxe5 12. Bf4 Ng6 13. Bc7 Be7 14. Kd2 Be6 15. Rad1 Rc8 16. Bg3 h5 17. h4 O-O 18. Kc1 Rfd8 19. Rxd8+ Rxd8 20. Nf4 Nxf4 21. Bxf4 Rd4 22. g3 Bf5 23. Re1 Kf8 24. Be5 Rd7 25. Ne4 f6 26. Bf4 Rd4 27. Nd2 Kf7 28. Be3 Ra4 29. Kb1 Be6 30. b3 Rg4 31. Bf4 c4 32. Nxc4 Bxc4 33. bxc4 Bb4 34. Re2 Bc3 35. Kc1 Be5 36. Bxe5 fxe5 37. Rxe5 Rxc4 38. Rxh5 Ra4 39. Kb2 Re4 40. Ra5 Re7 41. Ra6 Rc7 42. Kc3 Ke6 43. Kd4 Kd6 44. c4 Rb7 45. c5+ Kd7 46. Ke5 Rc7 47. f4 Kc8 48. Kd6 Kb7 49. Rxa7+ 1-0

[Event "POL-chT 2nd League-3 2020"]
[Site "Poronin"]
[Date "2020.09.08"]
[Round "4.11"]
[White "Glatty, Zbigniew"]
[Black "Krawiec, Grzegorz"]
[Result "1-0"]
[ECO "B40"]
[WhiteElo "1857"]
[BlackElo "1824"]
[Annotator "NA"]
[PlyCount "83"]
[EventDate "2020.09.05"]
[EventType "team-tourn"]
[EventCountry "POL"]
[SourceTitle "playchess.com"]
[Source "ChessBase"]
[SourceQuality "1"]
[TimeControl "40/5400+30:900+30"]

1. e4 c5 2. Nf3 e6 3. d4 cxd4 4. Nxd4 Bc5 5. Nb3 Bb6 6. Be2 Ne7 7. c4 O-O 8. Nc3 f5 9. c5 Bc7 10. f4 fxe4 11. O-O b6 12. Nxe4 bxc5 13. Nexc5 d6 14. Ne4 d5 15. Nec5 Ng6 16. g3 Ne7 17. Kg2 Nf5 18. Nd4 Qd6 19. Ncb3 Bb6 20. Nxf5 Rxf5 21. Nd4 Rf7 22. Be3 Ba6 23. Rc1 Bxe2 24. Qxe2 Bxd4 25. Bxd4 Nc6 26. Bc5 Qd7 27. Rfe1 Re8 28. b4 Qb7 29. a3 a6 30. Qd3 Rd7 31. Kf2 e5 32. fxe5 Rxe5 33. Kg1 h6 34. Qg6 Rf7 35. Rf1 Rxf1+ 36. Rxf1 Re7 37. Bxe7 Qxe7 38. Qxc6 Qe3+ 39. Rf2 Qe1+ 40. Kg2 Qe4+ 41. Kh3 g5 42. Qxh6 1-0

[Event "POL-chT 2nd League-3 2020"]
[Site "Poronin"]
[Date "2020.09.08"]
[Round "4.12"]
[White "Karykowska, Anna"]
[Black "Kostecka, Marika"]
[Result "1-0"]
[ECO "B91"]
[WhiteElo "1999"]
[BlackElo "1917"]
[Annotator "ChessBase"]
[PlyCount "109"]
[EventDate "2020.09.05"]
[EventType "team-tourn"]
[EventCountry "POL"]
[SourceTitle "playchess.com"]
[Source "ChessBase"]
[SourceQuality "1"]
[TimeControl "40/5400+30:900+30"]

1. e4 c5 2. Nf3 d6 3. d4 cxd4 4. Nxd4 Nf6 5. Nc3 a6 6. g3 e5 7. Nb3 Be7 8. Bg2 b5 9. Nd5 Nbd7 10. O-O O-O 11. Be3 Bb7 12. a4 Nxd5 13. exd5 f5 14. axb5 f4 15. Bd2 axb5 16. Na5 Qc7 17. Qg4 Nc5 18. Nxb7 Qxb7 19. Rxa8 Rxa8 20. gxf4 exf4 21. Bxf4 Ra4 22. Qg3 Qd7 23. b3 Ra2 24. b4 Na6 25. Qb3 Ra4 26. Bd2 Qg4 27. Qe3 Qd7 28. Re1 Bf6 29. Bh3 Qd8 30. Qe6+ Kf8 31. Bf4 Be7 32. Bf5 Nc7 33. Qe4 h6 34. Bg6 Ra8 35. Qf3 Bf6 36. Qg3 Ra6 37. Bh5 Bg5 38. h4 Bxf4 39. Qxf4+ Qf6 40. Qg4 Ra8 41. Qd7 g6 42. Qxc7 gxh5 43. Re6 Qxh4 44. Qxd6+ Kf7 45. Qc7+ Kf8 46. Qc3 Kf7 47. Qf3+ Kg7 48. Qc3+ Kf7 49. Re3 Rg8+ 50. Kf1 Qh1+ 51. Ke2 Qxd5 52. Qc7+ Kg6 53. Rg3+ Kf6 54. Qf4+ Ke7 55. Re3+ 1-0

[Event "POL-chT 2nd League-3 2020"]
[Site "Poronin"]
[Date "2020.09.08"]
[Round "4.15"]
[White "Ociepka, Tomasz"]
[Black "Gola, Karol"]
[Result "0-1"]
[ECO "B42"]
[WhiteElo "1888"]
[BlackElo "2192"]
[Annotator "NA"]
[PlyCount "82"]
[EventDate "2020.09.05"]
[EventType "team-tourn"]
[EventCountry "POL"]
[SourceTitle "playchess.com"]
[Source "ChessBase"]
[SourceQuality "1"]
[TimeControl "40/5400+30:900+30"]

1. e4 c5 2. Nf3 e6 3. d4 cxd4 4. Nxd4 a6 5. Bd3 Nf6 6. O-O Qc7 7. Qe2 d6 8. c4 g6 9. f4 Bg7 {[%emt 0:00:28] B42: Sicilian: Kan Variation: 5 Bd3.} 10. Nc3 O-O 11. Be3 Nc6 12. Nxc6 bxc6 {[%emt 0:04:16] [#]} 13. e5 $146 ({Predecessor:} 13. g4 Re8 14. Rad1 Rb8 15. Qg2 Nd7 16. Rd2 f5 17. c5 Nxc5 18. Bxc5 dxc5 19. e5 {1-0 (99) Mateus,M (2116)-Chirivi Castiblanco,J (2198) Palmira 2017}) 13... dxe5 14. Bc5 exf4 15. Bxf8 Bxf8 16. g3 Bc5+ 17. Kh1 Nh5 18. Ne4 Bd4 19. g4 Nf6 20. g5 Nxe4 21. Bxe4 Rb8 22. Rab1 c5 23. b3 e5 24. Rbd1 Qe7 25. Qg2 f6 26. Bd5+ Kg7 27. gxf6+ Qxf6 28. Rde1 g5 29. Bf3 Qg6 30. Be4 $19 Qh5 31. Qc2 g4 32. Re2 f3 33. Rd2 Rb6 34. Qd1 Bf5 35. Qc2 Rf6 36. Bxf5 Qxf5 37. Qxf5 Rxf5 38. Rfd1 e4 39. Rf1 e3 40. Rd3 e2 41. Re1 f2 0-1

[Event "POL-chT 2nd League-3 2020"]
[Site "Poronin"]
[Date "2020.09.08"]
[Round "4.16"]
[White "Flasinski, Michal"]
[Black "Boruta, Dawid"]
[Result "1/2-1/2"]
[ECO "A58"]
[WhiteElo "2205"]
[BlackElo "1822"]
[Annotator "ChessBase"]
[PlyCount "89"]
[EventDate "2020.09.05"]
[EventType "team-tourn"]
[EventCountry "POL"]
[SourceTitle "playchess.com"]
[Source "ChessBase"]
[SourceQuality "1"]
[TimeControl "40/5400+30:900+30"]

1. d4 Nf6 2. c4 c5 3. d5 b5 4. cxb5 a6 5. bxa6 g6 6. Nc3 Bg7 7. g3 d6 8. Bg2 O-O 9. Nf3 Nbd7 10. O-O Nb6 11. Nd2 Bxa6 12. Qc2 Bb7 13. e4 Ba6 14. Rd1 Ng4 15. Nf3 Ne5 16. Nxe5 Bxe5 17. Bh6 Re8 18. b3 Qd7 19. Rab1 Rec8 20. Be3 Rab8 21. Rdc1 Qg4 22. f3 Qd7 23. Qd2 Rc7 24. Nd1 Qb5 25. Nf2 Qe2 26. Qxe2 Bxe2 27. f4 Bg7 28. Bf1 Bxf1 29. Kxf1 Rcb7 30. Ke2 f5 31. Kd3 fxe4+ 32. Kxe4 Na4 33. Bd2 Nb6 34. Nd3 Nd7 35. Bc3 Bxc3 36. Rxc3 Nf6+ 37. Kf3 Nxd5 38. Rc2 Nb4 39. Nxb4 Rxb4 40. Re1 Kf7 41. Rce2 R8b7 42. Re4 R4b6 43. Ra4 e6 44. Ke3 Kf6 45. Kd3 1/2-1/2

[Event "POL-chT 2nd League-3 2020"]
[Site "Poronin"]
[Date "2020.09.08"]
[Round "4.17"]
[White "Gonsior, Monika"]
[Black "Szczecina, Kamil"]
[Result "1-0"]
[ECO "B41"]
[WhiteElo "2001"]
[BlackElo "1966"]
[Annotator "ChessBase"]
[PlyCount "95"]
[EventDate "2020.09.05"]
[EventType "team-tourn"]
[EventCountry "POL"]
[SourceTitle "playchess.com"]
[Source "ChessBase"]
[SourceQuality "1"]
[TimeControl "40/5400+30:900+30"]

1. e4 c5 2. Nf3 e6 3. d4 cxd4 4. Nxd4 a6 5. c4 Nf6 6. Nc3 Qc7 7. Bd3 d6 8. O-O Nbd7 9. Bg5 Be7 10. Rc1 b6 11. Kh1 Bb7 12. f3 Rc8 13. Qd2 Qb8 14. b3 Bd8 15. Rfe1 O-O 16. Bb1 Bc7 17. f4 Rfe8 18. Nf3 h6 19. Bh4 Nh7 20. Re3 Nhf8 21. Rd1 b5 22. cxb5 d5 23. bxa6 Bxa6 24. e5 Bb6 25. Nd4 Qa7 26. Bf2 f6 27. Rg3 fxe5 28. fxe5 Nxe5 29. Ndb5 Qb8 30. Bxb6 Qxb6 31. a4 Bxb5 32. Nxb5 Nf7 33. Rf1 Re7 34. Qf4 Rc6 35. Rxg7+ Kxg7 36. Qf6+ Kg8 37. Qxe7 Qf2 38. Bd3 Qxf1+ 39. Bxf1 e5 40. g4 e4 41. Nd4 Rg6 42. Be2 Rd6 43. Bb5 Ng6 44. Qe8+ Nf8 45. h4 Rf6 46. Bc6 Rd6 47. a5 Rd8 48. Qe7 1-0

[Event "POL-chT 2nd League-3 2020"]
[Site "Poronin"]
[Date "2020.09.08"]
[Round "4.18"]
[White "Mazur, Anna"]
[Black "Swiech, Joanna"]
[Result "1-0"]
[ECO "C70"]
[WhiteElo "1731"]
[BlackElo "1910"]
[Annotator "ChessBase"]
[PlyCount "105"]
[EventDate "2020.09.05"]
[EventType "team-tourn"]
[EventCountry "POL"]
[SourceTitle "playchess.com"]
[Source "ChessBase"]
[SourceQuality "1"]
[TimeControl "40/5400+30:900+30"]

1. e4 e5 2. Nf3 Nc6 3. Bb5 a6 4. Ba4 Nge7 5. c3 g6 6. O-O Bg7 7. d4 exd4 8. cxd4 b5 9. Bc2 O-O 10. h3 d6 11. Nc3 Na5 12. Re1 c5 13. a3 Nc4 14. Rb1 Bb7 15. Bb3 Nb6 16. Bf4 Rc8 17. Qd2 c4 18. Bc2 Re8 19. Bh6 Bh8 20. Rbd1 Qd7 21. Be3 d5 22. e5 Nf5 23. Bf4 Ng7 24. Bh6 Ne6 25. Nh2 Qe7 26. Re3 Bg7 27. Bxg7 Kxg7 28. Ng4 Nd7 29. Rf3 Qg5 30. Ne3 Nb6 31. Rg3 Qd8 32. Nf5+ Kg8 33. Nd6 Re7 34. Nxc8 Bxc8 35. f4 Ng7 36. Rf1 Nf5 37. Rgf3 Nh4 38. R3f2 h5 39. Ne2 Re8 40. Ng3 Nf5 41. Nxf5 Bxf5 42. Bxf5 gxf5 43. Qc2 Qd7 44. Qe2 Qe6 45. Qxh5 Qg6 46. Qf3 Kh8 47. g4 Rg8 48. g5 Rg7 49. h4 Rh7 50. Rh2 Qe6 51. h5 Nc8 52. Rff2 Ne7 53. Rfg2 1-0

[Event "POL-chT 2nd League-3 2020"]
[Site "Poronin"]
[Date "2020.09.08"]
[Round "4.19"]
[White "Psyk, Radoslaw"]
[Black "Nowicki, Bartosz"]
[Result "1-0"]
[ECO "B51"]
[WhiteElo "2354"]
[BlackElo "2339"]
[Annotator "ChessBase"]
[PlyCount "93"]
[EventDate "2020.09.05"]
[EventType "team-tourn"]
[EventCountry "POL"]
[SourceTitle "playchess.com"]
[Source "ChessBase"]
[SourceQuality "1"]
[TimeControl "40/5400+30:900+30"]

1. e4 c5 2. Nf3 d6 3. Bb5+ Nd7 4. d4 cxd4 5. Qxd4 a6 6. Be2 e5 7. Qe3 Ngf6 8. c4 Be7 9. Nc3 O-O 10. O-O Nc5 11. Nd2 Ne6 12. b3 Nd4 13. Qd3 Nd7 14. Nf3 Nc5 15. Qd2 Bf6 16. Bb2 Qa5 17. Rfd1 Nce6 18. Nd5 Nxe2+ 19. Qxe2 Bd8 20. Bc3 Qc5 21. Bb4 Qc6 22. Bxd6 Nd4 23. Nxd4 Qxd6 24. Nf5 Qe6 25. Rd2 g6 26. Nfe3 Rb8 27. Rad1 Bg5 28. Nc3 f5 29. Rd6 Qe7 30. c5 Kh8 31. Ned5 Qg7 32. b4 f4 33. f3 Qf7 34. Nb6 Be6 35. Nd7 Bxd7 36. Rxd7 Be7 37. Rc7 Rfc8 38. Rdd7 Rxc7 39. Rxc7 Qe6 40. Qd1 Qc4 41. Nd5 Bd8 42. Rd7 Qxa2 43. Nc3 Qg8 44. Qd6 Qe8 45. Nd5 Kg8 46. Qxb8 Qxd7 47. Nf6+ 1-0

[Event "POL-chT 2nd League-3 2020"]
[Site "Poronin"]
[Date "2020.09.08"]
[Round "4.20"]
[White "Parol, Pawel"]
[Black "Zaskalski, Arkadiusz"]
[Result "1/2-1/2"]
[ECO "B36"]
[WhiteElo "2114"]
[BlackElo "2175"]
[Annotator "ChessBase"]
[PlyCount "49"]
[EventDate "2020.09.05"]
[EventType "team-tourn"]
[EventCountry "POL"]
[SourceTitle "playchess.com"]
[Source "ChessBase"]
[SourceQuality "1"]
[TimeControl "40/5400+30:900+30"]

1. d4 Nf6 2. c4 c5 3. Nf3 g6 4. Nc3 cxd4 5. Nxd4 Nc6 6. e4 Nxd4 7. Qxd4 d6 8. Be2 Bg7 9. Be3 O-O 10. Qd2 a5 11. f3 a4 12. O-O Qa5 13. Rac1 Bd7 14. Rfd1 Rfc8 15. Bf1 Bc6 16. Ne2 Qxd2 17. Rxd2 Nd7 18. Nd4 Nc5 19. Rb1 Bd7 20. Kf2 Ne6 21. Nc2 Nc5 22. Nd4 Ne6 23. Nc2 Nc5 24. Nd4 Ne6 25. Nc2 1/2-1/2

[Event "POL-chT 2nd League-3 2020"]
[Site "Poronin"]
[Date "2020.09.08"]
[Round "4.21"]
[White "Markiewicz, Jerzy"]
[Black "Parol, Pola"]
[Result "1-0"]
[ECO "B90"]
[WhiteElo "2169"]
[BlackElo "2076"]
[Annotator "ChessBase"]
[PlyCount "142"]
[EventDate "2020.09.05"]
[EventType "team-tourn"]
[EventCountry "POL"]
[SourceTitle "playchess.com"]
[Source "ChessBase"]
[SourceQuality "1"]
[TimeControl "40/5400+30:900+30"]

1. e4 c5 2. Nf3 d6 3. d4 cxd4 4. Nxd4 Nf6 5. Nc3 a6 6. h4 e5 7. Nb3 Be7 8. Bg5 Nbd7 9. a4 O-O 10. Be2 b6 11. Bf3 Bb7 12. g4 Rc8 13. Bxf6 Nxf6 14. g5 Nd7 15. Qd3 Nc5 16. Nxc5 dxc5 17. Qc4 Qd4 18. Be2 Rfd8 19. Rd1 Qxc4 20. Bxc4 Rd4 21. b3 Rcd8 22. f3 g6 23. Bd5 Rxd1+ 24. Kxd1 Bc8 25. Ke2 Kg7 26. Nd1 f6 27. gxf6+ Bxf6 28. h5 g5 29. Ne3 Bd7 30. Bb7 Bc8 31. Bxc8 Rxc8 32. Nc4 Rc6 33. Rd1 b5 34. Rd7+ Kh6 35. axb5 axb5 36. Nd6 b4 37. Kd3 Kxh5 38. Rxh7+ Kg6 39. Rd7 Be7 40. Nc4 Re6 41. Rd5 Kf6 42. Ne3 Rd6 43. Kc4 Ke6 44. Rxd6+ Bxd6 45. Ng4 Bf8 46. Nf2 Kd6 47. Nd3 Kc6 48. Nxe5+ Kd6 49. Ng4 Bg7 50. Ne3 Bd4 51. Nf5+ Ke5 52. Nxd4 cxd4 53. Kxb4 Kf4 54. Kc4 Kxf3 55. e5 g4 56. e6 g3 57. e7 g2 58. e8=Q g1=Q 59. Qe5 Qf1+ 60. Kxd4 Qa1+ 61. c3 Qa7+ 62. Qc5 Qg7+ 63. Kc4 Qg4+ 64. Kb5 Qg8 65. c4 Qb8+ 66. Qb6 Qe5+ 67. Ka6 Qa1+ 68. Kb7 Ke2 69. b4 Qg7+ 70. Qc7 Qd4 71. b5 Qd5+ 1-0

[Event "POL-chT 2nd League-3 2020"]
[Site "Poronin"]
[Date "2020.09.08"]
[Round "4.22"]
[White "Kowalec, Maciej"]
[Black "Augustyn, Sebastian"]
[Result "1/2-1/2"]
[ECO "A46"]
[WhiteElo "2092"]
[BlackElo "2148"]
[Annotator "ChessBase"]
[PlyCount "35"]
[EventDate "2020.09.05"]
[EventType "team-tourn"]
[EventCountry "POL"]
[SourceTitle "playchess.com"]
[Source "ChessBase"]
[SourceQuality "1"]
[TimeControl "40/5400+30:900+30"]

1. d4 Nf6 2. Nf3 e6 3. e3 b6 4. c4 Bb7 5. Bd3 Bb4+ 6. Bd2 Qe7 7. O-O O-O 8. a3 Bxd2 9. Nbxd2 d6 10. Qc2 e5 11. Ne4 Nbd7 12. Nfd2 c5 13. dxe5 dxe5 14. Nxf6+ Nxf6 15. Ne4 Ne8 16. Nc3 Nf6 17. Ne4 Ne8 18. Nc3 1/2-1/2

[Event "POL-chT 2nd League-3 2020"]
[Site "Poronin"]
[Date "2020.09.08"]
[Round "4.23"]
[White "Markiewicz, Mateusz"]
[Black "Suliborski, Jakub"]
[Result "1/2-1/2"]
[ECO "B51"]
[WhiteElo "2037"]
[BlackElo "2114"]
[Annotator "ChessBase"]
[PlyCount "84"]
[EventDate "2020.09.05"]
[EventType "team-tourn"]
[EventCountry "POL"]
[SourceTitle "playchess.com"]
[Source "ChessBase"]
[SourceQuality "1"]
[TimeControl "40/5400+30:900+30"]

1. e4 c5 2. Nf3 d6 3. Bb5+ Nd7 4. c3 Ngf6 5. Qe2 a6 6. Ba4 b5 7. Bc2 Bb7 8. d4 cxd4 9. cxd4 Qa5+ 10. Bd2 Qc7 11. Bd3 e5 12. d5 Be7 13. O-O O-O 14. Rc1 Qb8 15. b4 Nb6 16. Nc3 Rc8 17. a4 bxa4 18. Be3 Bd8 19. Nd2 Nfd7 20. Nc4 Nxc4 21. Bxc4 a5 22. b5 Nc5 23. Bxc5 Rxc5 24. Nxa4 Rc8 25. b6 Bg5 26. Rc3 f5 27. h4 Bf6 28. Rac1 Rf8 29. Bb5 Bxh4 30. Rc7 Bd8 31. Rxb7 Qxb7 32. Bc6 Qa6 33. Qxa6 Rxa6 34. b7 Bb6 35. Bb5 Ra7 36. Bc6 Bd4 37. exf5 Rb8 38. Rb1 Kf7 39. g4 g6 40. fxg6+ hxg6 41. Kf1 Ke7 42. Ke2 Kd8 1/2-1/2

[Event "POL-chT 2nd League-3 2020"]
[Site "Poronin"]
[Date "2020.09.08"]
[Round "4.24"]
[White "Rykala, Monika"]
[Black "Mirowska, Oliwia"]
[Result "1/2-1/2"]
[ECO "B07"]
[WhiteElo "1877"]
[BlackElo "1855"]
[Annotator "NA"]
[PlyCount "36"]
[EventDate "2020.09.05"]
[EventType "team-tourn"]
[EventCountry "POL"]
[SourceTitle "playchess.com"]
[Source "ChessBase"]
[SourceQuality "1"]
[TimeControl "40/5400+30:900+30"]

1. d4 d6 2. e4 Nf6 3. Nc3 e5 4. dxe5 dxe5 5. Qxd8+ Kxd8 6. Nf3 Bd6 7. Bc4 Be6 8. Bxe6 fxe6 9. Be3 Ke7 10. O-O-O Nbd7 11. a3 a6 12. Nd2 b5 13. f3 Rhb8 14. Ne2 a5 15. Rhf1 a4 16. c3 Nc5 17. Bxc5 Bxc5 18. Kc2 Rd8 1/2-1/2

[Event "POL-chT 2nd League-3 2020"]
[Site "Poronin"]
[Date "2020.09.09"]
[Round "5.18"]
[White "Trusz, Julia"]
[Black "Pluta, Natalia"]
[Result "1-0"]
[ECO "D30"]
[WhiteElo "1675"]
[BlackElo "1844"]
[Annotator "NA RC"]
[PlyCount "67"]
[EventDate "2020.09.05"]
[EventType "team-tourn"]
[EventCountry "POL"]
[SourceTitle "playchess.com"]
[Source "ChessBase"]
[SourceQuality "1"]
[TimeControl "40/5400+30:900+30"]

1. d4 d5 2. c4 e6 3. Nf3 c6 4. Qc2 Nf6 5. Nbd2 Nbd7 6. g3 Bd6 7. Bg2 e5 8. dxe5 Nxe5 9. Nxe5 Bxe5 10. Nf3 Bd6 11. O-O O-O 12. b3 Qe7 13. Bb2 Ba3 14. Bxa3 Qxa3 15. cxd5 cxd5 16. Nd4 Bd7 17. Rfd1 Rac8 18. Qd2 Rfe8 19. Rac1 Qa6 20. e3 Bg4 21. Bf3 h5 22. h4 Ne4 23. Qb2 Qf6 24. Bxg4 hxg4 25. Rc2 Rxc2 26. Qxc2 g5 27. hxg5 Nxg5 28. Qf5 Qh6 29. Qxg4 Re4 30. f4 f6 31. fxg5 fxg5 32. Qc8+ Kf7 33. Qxb7+ Ke8 34. Rc1 1-0